 Dungeon Crawl Stone Soup version 0.29.1-15-g9cfb28693d (webtiles) character file.

Game seed: 741999412725541031

4314 Descartes the Grappler (level 10, -2/88 HPs)
             Began as a Troll Monk on Feb 26, 2023.
             Slain by a spriggan
             ... wielding a +0 dagger
              (3 damage)
             ... on level 8 of the Dungeon.
             The game lasted 00:09:23 (6211 turns).

Descartes the Grappler (Troll Monk)                 Turns: 6211, Time: 00:09:23

Health: -2/88      AC:  7    Str: 25    XL:     10   Next: 11%
Magic:  9/9        EV: 12    Int:  6    God:
Gold:   457        SH:  6    Dex: 12    Spells: 9/9 levels left

rFire   . . .      SeeInvis .     - Unarmed
rCold   . . .      Faith    .   y - +0 kite shield
rNeg    . . .      Spirit   .   E - +0 troll leather armour
rPois   .          Reflect  .   B - +0 hat {Stlth+}
rElec   .          Harm     .   G - +0 cloak {rCorr}
rCorr   +          Rampage  .   (gloves unavailable)
Will    +....                   (boots unavailable)
Stlth   ++........              (no amulet)
HPRegen 1.84/turn               x - ring of willpower
MPRegen 0.11/turn               r - +4 ring of evasion

@: no status effects
A: large, unfitting armour, claws 3, regeneration 1, shaggy fur 1, tough skin 1
a: no special abilities


You were on level 8 of the Dungeon.
You visited 2 branches of the dungeon, and saw 9 of its levels.

You collected 457 gold pieces.

Inventory:

Hand Weapons
 K - a +2 quarterstaff of chaos
 L - the +7 hammer of Brawling {vorpal, rPois Str+4}
   (You found it on level 5 of the Dungeon)

   It inflicts extra damage upon your enemies.
   Str:       It affects your strength (+4).
   rPois:     It protects you from poison.
 O - a +0 great mace
 P - a +0 morningstar
Missiles
 i - 6 silver javelins (quivered)
 j - 63 stones
 s - 3 poisoned darts
 z - 4 boomerangs
 A - 4 curare-tipped darts
Armour
 y - a +0 kite shield (worn)
 B - a +0 hat of stealth (worn)
 E - a +0 troll leather armour (worn)
 G - a +0 cloak of preservation (worn)
Jewellery
 a - a ring of protection from fire
 o - a +6 ring of strength
 r - a +4 ring of evasion (right claw)
 x - a ring of willpower (left claw)
 C - a +6 ring of dexterity
 F - a +4 ring of evasion
 J - the ring "Uciaddas" {rElec rPois Will++ rCorr Dex-4}
   (You found it on level 5 of the Dungeon)

   [ring of resist corrosion]

   Dex:       It affects your dexterity (-4).
   rElec:     It insulates you from electricity.
   rPois:     It protects you from poison.
   rCorr:     It protects you from acid and corrosion.
   Will:      It greatly increases your willpower.
Wands
 I - a wand of flame (22)
 M - a wand of acid (11)
 Q - a wand of polymorph (8)
Scrolls
 c - 2 scrolls of vulnerability {unknown}
 g - 4 scrolls of noise {unknown}
 h - 12 scrolls of identify {unknown}
 l - a scroll of blinking {unknown}
 m - 3 scrolls of teleportation {unknown}
 p - 4 scrolls of butterflies {unknown}
 v - a scroll of magic mapping {unknown}
 H - a scroll of enchant weapon {unknown}
 N - a scroll of silence {unknown}
 T - a scroll of torment {unknown}
Potions
 b - 4 potions of ambrosia
 d - 2 potions of haste {unknown}
 e - 2 potions of degeneration {unknown}
 f - 10 potions of curing {unknown}
 k - 3 potions of invisibility {unknown}
 n - 2 potions of heal wounds {unknown}
 q - a potion of cancellation {unknown}
 t - 2 potions of mutation {unknown}
 u - 2 potions of might {unknown}
 w - 2 potions of flight {unknown}
 D - 2 potions of lignification {unknown}
 R - a potion of berserk rage {unknown}
 S - a potion of brilliance {unknown}


   Skills:
 - Level 2.4 Fighting
 + Level 9.4 Throwing
 - Level 2.4 Dodging
 - Level 1.0 Stealth
 + Level 11.0 Unarmed Combat


You had 9 spell levels left.
You didn't know any spells.
Your spell library contained the following spells:

 Spells                   Type           Power      Damage    Failure   Level
 Sting                    Tmut/Pois      0%         1d3       83%         1
 Poisonous Vapours        Pois/Air       0%         N/A       93%         2
 Ignite Poison            Fire/Tmut/Pois 0%         N/A       99%         3
 Mephitic Cloud           Conj/Pois/Air  0%         N/A       99%         3
 Olgreb's Toxic Radiance  Pois           0%         N/A       100%        4
 Freezing Cloud           Conj/Ice/Air   0%         6-21      100%        5


Dungeon Overview and Level Annotations

Branches:
Dungeon (8/15)             Temple (1/1) D:4
   Lair: D:8-11

Altars:
Ashenzari
Cheibriados
Dithmenos
Elyvilon
Fedhas
Gozag
Hepliaklqana
Kikubaaqudgha
Makhleb
Nemelex Xobeh
Okawaru
Qazlal
Ru
Sif Muna
Trog
Uskayaw
Vehumet
Wu Jian
Xom
Yredelemnul
Zin
The Shining One

Annotations:
D:1 1 transporter
D:5 2 runed translucent doors


Innate Abilities, Weirdness & Mutations

You are too large for most types of armour.
You have claws for hands.
Your natural rate of healing is unusually fast.
You are covered in fur. (AC +1)
You have tough skin. (AC +1)


Message History

No target in view!
No target in view!
No target in view!
No target in view!
No target in view!
No target in view!
No target in view!
No target in view!
No target in view!
No target in view!
A two-headed ogre comes into view.
It is wielding a +0 giant spiked club and a +0 giant club.
The two-headed ogre shouts in stereo!
You hear a shout!
A spriggan comes into view. It is wielding a +0 dagger.
A necrophage comes into view.
The two-headed ogre hits you but does no damage.
The two-headed ogre hits you with a +0 giant club!
You block the spriggan's attack.
You closely miss the two-headed ogre. The spriggan hits you with a +0 dagger!
You mangle the two-headed ogre!!
The two-headed ogre is heavily wounded.
The two-headed ogre misses you.
The two-headed ogre hits you with a +0 giant club!
A spriggan comes into view. It is wielding a +0 short sword.
The spriggan shouts!
You scratch the two-headed ogre.
The two-headed ogre is heavily wounded.
The spriggan hits you with a +0 dagger!
The two-headed ogre hits you with a +0 giant spiked club!
The two-headed ogre hits you with a +0 giant club!!
* * * LOW HITPOINT WARNING * * *
You are too injured to fight recklessly!
You are too injured to fight recklessly!
You are too injured to fight recklessly!
You are too injured to fight recklessly!
You are too injured to fight recklessly!
The spriggan barely misses you. The spriggan hits you with a +0 dagger!
* * * LOW HITPOINT WARNING * * *
The spriggan attacks as you move away! The spriggan hits you with a +0 dagger.
You die...

## ♣♣♣ ♣♣..
♣♣♣♣♣..♣
...... ♣...♣
♣)†.♣♣♣♣
♣♣♣♣.....♣♣
♣♣♣i@..♣♣♣♣.♣♣
♣♣♣n..♣♣♣♣
♣♣.♣ ♣...O♣♣
♣♣.♣ ♣....i♣♣♣
♣♣..♣ ....♣♣♣
♣.♣♣♣ ..♣
♣♣♣.♣♣ .
♣♣....♣
♣).♣♣...♣ ♣♣.♣
♣♣.♣


You could see a two-headed ogre, a necrophage and 2 spriggans.

Vanquished Creatures
  A troll (D:5)
  Grinder (D:5)
  Sigmund (D:4)
  A shadow (D:8)
  3 spriggans (D:8)
  Eustachio (D:5)
  2 ice beasts
  An orc warrior (D:7)
  3 sky beasts
  A black bear (D:4)
  2 ogres
  3 centaurs
  2 bullfrogs
  3 necrophages
  2 scorpions
  5 wights (D:8)
  6 killer bees (D:8)
  3 hounds
  Crazy Yiuf (D:5)
  3 orc priests
  2 jellies
  4 iguanas
  13 orc wizards
  Natasha (twice) (D:3)
  11 adders
  4 gnolls (D:5)
  A shadow imp (D:5)
  An ufetubus (D:7)
  A worm (D:3)
  4 dart slugs
  34 orcs
  12 ball pythons
  6 bats
  5 endoplasms
  4 giant cockroaches
  12 goblins
  11 hobgoblins
  2 jackals
  6 kobolds
  3 quokkas
  3 frilled lizards
  6 rats
192 creatures vanquished.

Notes
Turn   | Place    | Note
-------+----------+-------------------------------------------
     0 | D:1      | Descartes the Troll Monk began the quest for the Orb.
     0 | D:1      | Reached XP level 1. HP: 22/22 MP: 0/0
   107 | D:1      | Found a faded altar of an unknown god.
   303 | D:1      | Reached XP level 2. HP: 29/29 MP: 1/1
  1175 | D:2      | Reached skill level 1 in Throwing
  1175 | D:2      | Reached skill level 4 in Unarmed Combat
  1175 | D:2      | Reached XP level 3. HP: 36/36 MP: 2/2
  1302 | D:2      | Reached XP level 4. HP: 44/44 MP: 3/3
  1316 | D:2      | Identified the +2 ring mail "Qoxtofru" {rPois rF+}
  2052 | D:3      | Reached skill level 5 in Unarmed Combat
  2052 | D:3      | Reached XP level 5. HP: 22/50 MP: 4/4
  2225 | D:3      | Noticed Natasha
  2235 | D:3      | Killed Natasha
  2294 | D:3      | Noticed Natasha
  2302 | D:3      | Killed Natasha
  2317 | D:3      | Reached XP level 6. HP: 40/59 MP: 5/5
  2695 | D:4      | Reached skill level 6 in Unarmed Combat
  2708 | D:4      | Reached XP level 7. HP: 62/66 MP: 6/6
  3020 | D:4      | Found a staircase to the Ecumenical Temple.
  3033 | D:4      | Noticed Sigmund
  3039 | D:4      | Killed Sigmund
  3040 | D:4      | Reached skill level 5 in Throwing
  3040 | D:4      | Reached skill level 7 in Unarmed Combat
  3054 | Temple   | Entered the Ecumenical Temple
  3592 | D:4      | Identified the +2 leather armour "Dotuaka" {+Blink rElec
                  | rCorr Dex-4}
  3727 | D:5      | Entered Level 5 of the Dungeon
  4015 | D:5      | Found a large runed translucent door.
  4017 | D:5      | Found a large runed translucent door.
  4045 | D:5      | Reached XP level 8. HP: 74/74 MP: 7/7
  4045 | D:5      | Noticed a troll
  4053 | D:5      | Killed a troll
  4091 | D:5      | Found a large runed translucent door.
  4091 | D:5      | Found a large runed translucent door.
  4105 | D:5      | Reached skill level 8 in Unarmed Combat
  4207 | D:5      | Found a runed translucent door.
  4208 | D:5      | Noticed Crazy Yiuf
  4260 | D:5      | Noticed Eustachio
  4306 | D:5      | Killed Eustachio
  4362 | D:5      | Identified the ring "Uciaddas" {rElec rPois Will++ rCorr
                  | Dex-4}
  4396 | D:5      | Noticed Grinder
  4397 | D:5      | Paralysed by Grinder for 2 turns
  4405 | D:5      | Killed Grinder
  4504 | D:5      | Reached skill level 9 in Unarmed Combat
  4753 | D:5      | Killed Crazy Yiuf
  4761 | D:5      | Identified the +7 hammer of Brawling {vorpal, rPois Str+4}
  4840 | D:6      | Reached XP level 9. HP: 80/80 MP: 8/8
  5434 | D:7      | Found a shimmering altar of Xom.
  5443 | D:7      | Found a shimmering altar of Xom.
  5455 | D:7      | Found a shimmering altar of Xom.
  5455 | D:7      | Found a shimmering altar of Xom.
  5491 | D:7      | Reached skill level 10 in Unarmed Combat
  5794 | D:8      | Identified the +1 plate armour of the Goldsmith {Slay+2}
  6138 | D:8      | Identified the +2 ring mail of Wippaer {rPois}
  6169 | D:8      | Reached XP level 10. HP: 85/88 MP: 9/9
  6193 | D:8      | Reached skill level 11 in Unarmed Combat
  6201 | D:8      | Noticed a two-headed ogre
  6210 | D:8      | HP: 1/88 [spriggan/+0 dagger (12)]
  6211 | D:8      | Slain by a spriggan

Illustrated notes

Levels and vault maps discovered:
D:1:      spicycebolla_arrival_risky_transporter, layout_basic,
          shapermc_ecumenical_altar_starsandcircs,
          chequers_serial_rivers_micro_c
D:2:      layout_loops_ring, st_stairs_11, minmay_tetromino_s4
D:3:      cheibrodos_helix_gallery, layout_loops_ring,
          nicolae_figureground_sparkle, uniq_natasha
D:4:      layout_basic, minmay_temple_entry_nine_rooms, kennysheep_minor_cross,
          minmay_vboxes, uniq_sigmund
D:5:      layout_gridville, minmay_hollow_rounded_squares,
          uniq_crazy_yiuf_cottage, uniq_grinder, uniq_eustachio
D:6:      layout_loops_ring
D:7:      layout_rooms, xom_redecorated
D:8:      kb_forest_paths, layout_basic, minmay_misc_feat_roman,
          hangedman_abyss_or_decor_stagger
Temple:   mainiacjoe_temple_starburst

Skill      XL: |  1  2  3  4  5  6  7  8  9 10 |
---------------+-------------------------------+-----
Throwing       | 1 2 3 4 5 7 9 |  9.4
Unarmed Combat | 4 5 6 7 9 10 11 | 11.0
Fighting       | |  2.4
Dodging        | |  2.4
Stealth        | |  1.0

Action                   |  1- 3 |  4- 6 |  7- 9 | 10-12 || total
-------------------------+-------+-------+-------+-------++-------
Melee: Unarmed           |    93 |   163 |   304 |    15 ||   575
       Punch             |     1 |     2 |       |       ||     3
 Stab: Sleeping          |     2 |     3 |     9 |     1 ||    15
Armor: Robe              |    29 |    43 |    11 |       ||    83
       Troll leather arm |       |       |    58 |     2 ||    60
Dodge: Dodged            |    46 |   101 |   165 |     6 ||   318
Block: Kite shield       |       |       |    84 |     4 ||    88
